 Dungeon Crawl Stone Soup version 0.30-b1-2-g02819fbbbe (webtiles) character file.

Game seed: 6046144819590362429

104 Fartwhistle the Skirmisher (level 4, 0/38 HPs)
             Began as a Gnoll Hunter on Sept 13, 2023.
             Slain by a water moccasin (2 damage)
             ... on level 3 of the Dungeon.
             The game lasted 00:02:52 (1345 turns).

Fartwhistle the Skirmisher (Gnoll Hunter)           Turns: 1345, Time: 00:02:53

Health: 0/38       AC:  5    Str: 11    XL:     4   Next: 80%
Magic:  5/5        EV: 13    Int: 10    God:
Gold:   51         SH:  0    Dex: 15    Spells: 5/5 levels left

rFire   . . .        k - +0 hand axe (elec)
rCold   . . .        (no shield)
rNeg    . . .        c - +0 leather armour
rPois   .            g - +0 helmet
rElec   .            (no cloak)
rCorr   .            q - +0 pair of gloves
SInv    .            (no boots)
Will    .....        (no amulet)
Stlth   ++           (no ring)
HPRegen 0.26/turn    (no ring)
MPRegen 0.09/turn

%: no passive effects
@: lethally poisoned (0 -> -10), attractive
A: fangs 1, strong nose, distributed training
a: no special abilities


You were on level 3 of the Dungeon.
You visited 1 branch of the dungeon, and saw 3 of its levels.

You collected 51 gold pieces.

Inventory:

Hand Weapons
 a - a +0 shortbow
 k - a +0 hand axe of electrocution (weapon)
Armour
 c - a +0 leather armour (worn)
 g - a +0 helmet (worn)
 q - a +0 pair of gloves (worn)
Jewellery
 h - an amulet of guardian spirit
 o - a ring of resist corrosion
Scrolls
 b - 3 scrolls of immolation
 d - a scroll of fear {unknown}
 e - 2 scrolls of identify {unknown}
 f - a scroll of enchant weapon {unknown}
 i - a scroll of amnesia {unknown}
 j - a scroll of vulnerability {unknown}
 m - a scroll of torment {unknown}
 p - a scroll of magic mapping {unknown}
 r - a scroll of summoning {unknown}
Potions
 l - 2 potions of attraction
 n - a potion of ambrosia
 s - a potion of brilliance


   Skills:
 + Level 4.7 Fighting
 + Level 1.3 Short Blades
 + Level 1.3 Long Blades
 + Level 1.3 Axes
 + Level 1.3 Maces & Flails
 + Level 1.3 Polearms
 + Level 1.3 Staves
 + Level 8.6 Ranged Weapons
 + Level 1.3 Throwing
 + Level 1.3 Armour
 + Level 4.7 Dodging
 + Level 2.6 Stealth
 + Level 1.3 Shields
 + Level 1.3 Unarmed Combat
 + Level 1.3 Spellcasting
 + Level 1.0 Conjurations
 + Level 1.0 Hexes
 + Level 1.0 Summonings
 + Level 1.0 Necromancy
 + Level 1.0 Translocations
 + Level 1.0 Transmutations
 + Level 1.0 Fire Magic
 + Level 1.0 Ice Magic
 + Level 1.0 Air Magic
 + Level 1.0 Earth Magic
 + Level 1.0 Poison Magic
 + Level 1.4 Invocations
 + Level 1.3 Evocations


You had 5 spell levels left.
You didn't know any spells.
Your spell library was empty.

Dungeon Overview and Level Annotations

Branches:
Dungeon (3/15)

Altars:


Innate Abilities, Weirdness & Mutations

You have very sharp teeth.
Your uncanny sense of smell can sniff out nearby items.
Your experience applies equally to all skills.


Message History

You barely miss the water moccasin.
The water moccasin is moderately wounded.
The water moccasin bites you. The water moccasin bites you!
You hit the water moccasin.
The water moccasin is moderately wounded.
The water moccasin bites you. x2
You closely miss the water moccasin.
The water moccasin is moderately wounded.
The water moccasin bites you. x2
You are lethally poisoned!
The water moccasin poisons you!
It was a potion of attraction.
You feel attractive to monsters.
* * * LOW HITPOINT WARNING * * *
You feel very sick. The water moccasin bites you.
* * * LOW HITPOINT WARNING * * *
You are more poisoned.
The water moccasin poisons you!
It was a potion of ambrosia.
You are confused.
You feel invigorated.
* * * LOW HITPOINT WARNING * * *
You feel very sick. The water moccasin closely misses you.
It was a potion of brilliance.
You feel clever all of a sudden.
* * * LOW HITPOINT WARNING * * *
You feel very sick.
The water moccasin completely misses you.
The water moccasin bites you but does no damage.
Unknown command.
It was a potion of cancellation.
Your magical effects are unravelling.
You feel magically purged.
You feel less invigorated.
You feel less confused.
You feel a little less clever now.
* * * LOW HITPOINT WARNING * * *
You feel very sick. The water moccasin bites you.
You die...

#.## ## # #.. ..
.## ###.8#8 ....
#...#[ .....
#...8#8.....
######...........
.........S.##....
#####..##### .
#..S@..#
......#.....#
...>........#
###†........#
#........... ∆
...........###
####...###.#
#...# ..


You could see a water moccasin.

Vanquished Creatures
  Jessica (D:2)
  Robin (D:2)
  An adder (D:2)
  A dart slug (D:1)
  4 ball pythons
  6 bats
  2 endoplasms
  3 giant cockroaches
  11 goblins
  6 hobgoblins
  3 jackals (D:2)
  2 kobolds
  4 quokkas
  2 frilled lizards (D:1)
  3 rats
50 creatures vanquished.

Notes
Turn   | Place    | Note
-------+----------+-------------------------------------------
     0 | D:1      | Fartwhistle the Gnoll Hunter began the quest for the Orb.
     0 | D:1      | Reached XP level 1. HP: 20/20 MP: 1/1
    88 | D:1      | Reached XP level 2. HP: 26/26 MP: 2/2
   345 | D:1      | Reached XP level 3. HP: 31/31 MP: 3/3
   626 | D:2      | Noticed Robin
   667 | D:2      | Reached skill level 1 in Invocations
   702 | D:2      | Killed Robin
   703 | D:2      | Reached skill level 1 in Short Blades
   703 | D:2      | Reached skill level 1 in Long Blades
   703 | D:2      | Reached skill level 1 in Axes
   703 | D:2      | Reached skill level 1 in Maces & Flails
   703 | D:2      | Reached skill level 1 in Polearms
   703 | D:2      | Reached skill level 1 in Staves
   703 | D:2      | Reached skill level 1 in Throwing
   703 | D:2      | Reached skill level 1 in Armour
   703 | D:2      | Reached skill level 1 in Shields
   703 | D:2      | Reached skill level 1 in Unarmed Combat
   703 | D:2      | Reached skill level 1 in Spellcasting
   703 | D:2      | Reached skill level 1 in Evocations
   767 | D:2      | Reached XP level 4. HP: 38/38 MP: 5/5
   782 | D:2      | Noticed Jessica
   788 | D:2      | Killed Jessica
   789 | D:2      | Reached skill level 1 in Conjurations
   789 | D:2      | Reached skill level 1 in Hexes
   789 | D:2      | Reached skill level 1 in Summonings
   789 | D:2      | Reached skill level 1 in Necromancy
   789 | D:2      | Reached skill level 1 in Translocations
   789 | D:2      | Reached skill level 1 in Transmutations
   789 | D:2      | Reached skill level 1 in Fire Magic
   789 | D:2      | Reached skill level 1 in Ice Magic
   789 | D:2      | Reached skill level 1 in Air Magic
   789 | D:2      | Reached skill level 1 in Earth Magic
   789 | D:2      | Reached skill level 1 in Poison Magic
  1331 | D:3      | Noticed a water moccasin
  1345 | D:3      | Slain by a water moccasin

Illustrated notes

Levels and vault maps discovered:
D:1:      dpeg_arrival_erosion, layout_basic, minmay_liquid_box
D:2:      layout_basic, uniq_robin, uniq_jessica
D:3:      layout_basic, jmf_multi_god_temple2, hangedman_glass_garden,
          nrook_loot_triangle, minmay_statues_item,
          corexii_item_surrounded_by_moat, minivault_26,
          kennysheep_generic_room_12

Skill      XL: |  1  2  3  4 |
---------------+-------------+-----
Invocations    | 1 |  1.4
Short Blades   | 1 |  1.3
Long Blades    | 1 |  1.3
Axes           | 1 |  1.3
Maces & Flails | 1 |  1.3
Polearms       | 1 |  1.3
Staves         | 1 |  1.3
Throwing       | 1 |  1.3
Armour         | 1 |  1.3
Shields        | 1 |  1.3
Unarmed Combat | 1 |  1.3
Spellcasting   | 1 |  1.3
Evocations     | 1 |  1.3
Conjurations   | 1 |  1.0
Hexes          | 1 |  1.0
Summonings     | 1 |  1.0
Necromancy     | 1 |  1.0
Translocations | 1 |  1.0
Transmutations | 1 |  1.0
Fire Magic     | 1 |  1.0
Ice Magic      | 1 |  1.0
Air Magic      | 1 |  1.0
Earth Magic    | 1 |  1.0
Poison Magic   | 1 |  1.0
Fighting       | |  4.7
Ranged Weapons | |  8.6
Dodging        | |  4.7
Stealth        | |  2.6

Action                     |  1- 3 |  4- 6 || total
---------------------------+-------+-------++-------
  Melee: Hand axe          |     3 |     4 ||     7
   Fire: Shortbow          |    69 |    32 ||   101
    Use: Potion            |       |     4 ||     4
 Armour: Leather armour    |    15 |     3 ||    18
  Dodge: Dodged            |    23 |    12 ||    35
